 Dungeon Crawl Stone Soup version 0.27-a0-423-gf312af23e9 (webtiles) character file.

Game seed: 15813783983899986486

7549 jasper the Martial Artist (level 10, -7/79 HPs)
             Began as a Demonspawn Transmuter on Feb 26, 2021.
             Was a High Priest of Okawaru.
             Mangled by a stone giant (27 damage)
             ... on level 11 of the Dungeon.
             The game lasted 00:12:08 (9752 turns).

jasper the Martial Artist (Demonspawn Transmuter)   Turns: 9752, Time: 00:12:09

Health: -7/79      AC: 15    Str: 16    XL:     10   Next: 96%
Magic:  14/14      EV: 18    Int: 18    God:    Okawaru [*****.]
Gold:   318        SH:  0    Dex: 14    Spells: 5/13 levels left

rFire    . . .     SeeInvis .     - Unarmed
rCold    . . .     Faith    .   (no shield)
rNeg     . . .     Spirit   .   i - +3 leather armour
rPois    .         Reflect  .   (helmet currently unavailable)
rElec    .         Harm     .   m - +0 cloak
rCorr    .         Rampage  .   a - +0 pair of gloves
Will     .....                  (boots currently unavailable)
Stlth    ++++......             (no amulet)
HPRegen  0.23/turn              p - +6 ring of strength
MPRegen  0.14/turn              w - +4 ring of protection

@: appendages, heroism, finesse
A: horns 2, talons 2, slimy green scales 1, powered by pain 1, spiny 2
a: End Transformation, Renounce Religion, Heroism, Finesse


You were on level 11 of the Dungeon.
You worshipped Okawaru.
Okawaru was extremely pleased with you.
You had grown temporary horns.
You had grown temporary talons.
You visited 2 branches of the dungeon, and saw 12 of its levels.

You collected 318 gold pieces.

Inventory:

Missiles
 u - 121 bolts
 I - 5 silver javelins
 J - 10 curare-tipped darts
Armour
 a - a +0 pair of gloves (worn)
 i - a +3 leather armour (worn)
 m - a +0 cloak (worn)
Jewellery
 c - a ring of flight
 j - a +6 ring of dexterity
 p - a +6 ring of strength (left hand)
 w - a +4 ring of protection (right hand)
 C - a +6 ring of strength
Wands
 k - a wand of mindburst (11)
 s - a wand of random effects (20)
 A - a wand of paralysis (16)
 G - a wand of acid (4)
 H - a wand of iceblast (7)
Scrolls
 f - 4 scrolls of teleportation
 g - a scroll of magic mapping
 h - a scroll of random uselessness {unknown}
 r - 3 scrolls of enchant weapon {unknown}
 t - 2 scrolls of amnesia {unknown}
 v - a scroll of enchant armour {unknown}
 x - 4 scrolls of fear {unknown}
 y - a scroll of noise {unknown}
 B - a scroll of summoning {unknown}
 F - 2 scrolls of brand weapon {unknown}
Potions
 b - 2 potions of lignification
 d - a potion of degeneration
 e - a potion of ambrosia
 l - 2 potions of attraction
 n - 4 potions of brilliance
 o - a potion of resistance
 q - 2 potions of curing
 D - a potion of mutation
 E - a potion of cancellation


   Skills:
 * Level 7.5(12.5) Fighting
 + Level 3.1(8.1) Throwing
 + Level 6.1(11.1) Dodging
 + Level 3.4(8.4) Stealth
 - Level 10.0(15.0) Unarmed Combat
 - Level 2.0 Spellcasting
 - Level 5.0 Transmutations
 - Level 6.3 Invocations


You had 5 spell levels left.
You knew the following spells:

 Your Spells              Type           Power        Failure   Level
a - Beastly Appendage     Tmut           40%          2%          1
b - Wereblood             Tmut           20%          4%          2
c - Blade Hands           Tmut           10%          58%         5

Your spell library contained the following spells:

 Spells                   Type           Power        Failure   Level
 Sting                    Tmut/Pois      40%          8%          1
 Spider Form              Tmut/Pois      5%           22%         3
 Poisonous Vapours        Pois/Air       2%           32%         2
 Ignite Poison            Fire/Tmut/Pois 7%           32%         3
 Mephitic Cloud           Conj/Pois/Air  1%           54%         3
 Ice Form                 Ice/Tmut       10%          58%         4
 Olgreb's Toxic Radiance  Pois           1%           91%         4


Dungeon Overview and Level Annotations

Branches:
Dungeon (11/15)            Temple (1/1) D:6             Orc (0/2) D:10
   Lair: D:8-11

Altars:
Cheibriados
Dithmenos
Elyvilon
Gozag
Kikubaaqudgha
Makhleb
Nemelex Xobeh
Okawaru
Ru
Trog
Wu Jian
Yredelemnul
The Shining One

Annotations:
D:8 Gastronok
D:9 Grum


Innate Abilities, Weirdness & Mutations

You are partially covered in slimy green scales. (AC +2)
You sometimes gain a little power by taking damage.
You are mostly covered in sharp spines.
You have a pair of horns on your head.
You have razor-sharp toenails.


Message History

You hit the stone giant but do no damage.
The stone giant is lightly wounded.
The stone giant closely misses you.
You punch the stone giant! You claw the stone giant.
You headbutt the stone giant, but do no damage.
The stone giant is moderately wounded.
You hit the stone giant.
You claw the stone giant, but do no damage.
You headbutt the stone giant, but do no damage.
The stone giant is moderately wounded.
The worker ant is struck by your spines.
The worker ant bites you.
You take 3 damage, and have 49/79 hp.
You hit the stone giant but do no damage.
You headbutt the stone giant, but do no damage.
The stone giant is moderately wounded.
The stone giant hits you!!
* * * LOW HITPOINT WARNING * * *
You focus on the pain.
You feel your power returning.
You take 30 damage, and have 19/79 hp.
MASSIVE DAMAGE!!
MP restored: 14 You punch the stone giant!
You claw the stone giant, but do no damage.
The stone giant is heavily wounded.
The worker ant is struck by your spines.
You kill the worker ant!
Okawaru accepts your kill.
You hit the stone giant but do no damage.
The stone giant is heavily wounded.
The stone giant completely misses you.
You hit the stone giant.
The stone giant is heavily wounded.
You punch the stone giant!
The stone giant is severely wounded.
Okay, then.
You punch the stone giant!
You claw the stone giant, but do no damage.
The stone giant is almost dead.
The stone giant hits you!!
You die...

#..........##.##.....#.
#........).##.########.
#....#.....##.....[....
######.....###########.
##...##.....# . #...#.
#..[..#.....#.. ###.#.
#....†'..8..'.. #.....
#.....#.C...#. ###.##
##...##@)...# #...#
#### ###'### ##### ..#
..# ..# .# ##


You could see a stone giant.

Vanquished Creatures
  2 two-headed ogres
  An unseen horror (D:10)
  A centaur zombie (D:11)
  Maurice (D:10)
  A wraith (D:10)
  13 yaks (D:10)
  Menkaure (D:6)
  A water moccasin (D:10)
  A hornet zombie (D:11)
  3 ogres
  2 necrophages
  4 centaurs
  A phantom (D:7)
  5 bullfrogs
  2 kobold brigands
  A gnoll sergeant (D:3)
  2 scorpions
  14 killer bees
  3 howler monkeys
  2 crimson imps
  2 bullfrog skeletons
  A quasit (D:10)
  5 hounds
  2 worker ants
  An iguana (D:8)
  2 orc wizards
  A worker ant zombie (D:6)
  4 gnolls (D:3)
  8 adders
  4 white imps
  A worm (D:3)
  9 leopard geckos
  17 orcs
  11 bats
  4 giant cockroaches
  10 goblins
  6 hobgoblins
  6 jackals (D:3)
  16 kobolds
  A quokka (D:5)
  2 ball pythons
  2 frilled lizards
  2 hobgoblin zombies (D:7)
  3 kobold skeletons (D:7)
  3 kobold zombies (D:7)
  A leopard gecko skeleton (D:5)
  2 orc skeletons (D:7)
  4 orc zombies (D:7)
  6 rats
  A spectral orc (D:5)
198 creatures vanquished.

Notes
Turn   | Place    | Note
-------+----------+-------------------------------------------
     0 | D:1      | jasper the Demonspawn Transmuter began the quest for the
                  | Orb.
     0 | D:1      | Reached XP level 1. HP: 15/15 MP: 3/3
   341 | D:1      | Reached skill level 3 in Unarmed Combat
   550 | D:1      | Gained mutation: You are partially covered in sharp spines.
                  | [demonic ancestry]
   550 | D:1      | Reached XP level 2. HP: 21/21 MP: 3/5
  1222 | D:2      | Found an iron altar of Okawaru.
  1231 | D:2      | Became a worshipper of Warmaster Okawaru
  1360 | D:2      | Gained mutation: You are mostly covered in sharp spines.
                  | [demonic ancestry]
  1360 | D:2      | Reached XP level 3. HP: 20/26 MP: 4/6
  1611 | D:2      | Found a snail-covered altar of Cheibriados.
  1624 | D:2      | Reached skill level 4 in Unarmed Combat
  1686 | D:2      | Found a bloodstained altar of Trog.
  1686 | D:2      | Found a sacrificial altar of Ru.
  2241 | D:3      | Gained mutation: You sometimes gain a little power by
                  | taking damage. [demonic ancestry]
  2241 | D:3      | Reached XP level 4. HP: 32/32 MP: 7/7
  2244 | D:3      | Learned a level 2 spell: Wereblood
  2758 | D:3      | Found an ornate altar of the Wu Jian Council.
  2879 | D:3      | Noticed a gnoll sergeant
  2889 | D:3      | Reached skill level 5 in Unarmed Combat
  2895 | D:3      | Killed a gnoll sergeant
  2896 | D:3      | Gained mutation: You are partially covered in slimy green
                  | scales. (AC +2) [demonic ancestry]
  2896 | D:3      | Reached XP level 5. HP: 22/37 MP: 6/8
  2900 | D:3      | Reached * piety under Okawaru
  3287 | D:3      | Found an opulent altar of Gozag.
  3289 | D:3      | Found a sparkling altar of Nemelex Xobeh.
  3663 | D:4      | Found an ancient bone altar of Kikubaaqudgha.
  3671 | D:4      | Noticed an ogre
  3680 | D:4      | Killed an ogre
  3681 | D:4      | Reached skill level 6 in Unarmed Combat
  3681 | D:4      | Reached XP level 6. HP: 43/43 MP: 9/9
  4205 | D:4      | Reached skill level 7 in Unarmed Combat
  4547 | D:5      | Entered Level 5 of the Dungeon
  4617 | D:5      | Reached ** piety under Okawaru
  4618 | D:5      | Reached XP level 7. HP: 48/48 MP: 8/10
  4661 | D:5      | Reached skill level 8 in Unarmed Combat
  4921 | D:5      | Found a shadowy altar of Dithmenos.
  4958 | D:5      | Found a basalt altar of Yredelemnul.
  5062 | D:5      | Found a burning altar of Makhleb.
  5554 | D:6      | Found a staircase to the Ecumenical Temple.
  5617 | D:6      | Noticed Menkaure
  5633 | D:6      | Killed Menkaure
  5637 | Temple   | Entered the Ecumenical Temple
  5664 | Temple   | Learned a level 5 spell: Blade Hands
  6286 | D:7      | Reached skill level 9 in Unarmed Combat
  6286 | D:7      | Reached XP level 8. HP: 47/54 MP: 9/11
  6304 | D:7      | Reached *** piety under Okawaru
  6452 | D:7      | Found a glowing golden altar of the Shining One.
  6825 | D:8      | Reached skill level 10 in Unarmed Combat
  6889 | D:8      | Reached skill level 1 in Invocations
  7104 | D:8      | Reached skill level 5 in Invocations
  7173 | D:8      | Noticed Gastronok
  7260 | D:9      | Noticed Grum
  7341 | D:10     | Entered Level 10 of the Dungeon
  7624 | D:10     | Reached XP level 9. HP: 56/59 MP: 11/13
  7643 | D:10     | Noticed Maurice
  7646 | D:10     | Paralysed by Maurice for 3 turns
  7654 | D:10     | Paralysed by something for 2 turns
  7658 | D:10     | Killed Maurice
  7750 | D:10     | Found a staircase to the Orcish Mines.
  7778 | D:10     | Reached **** piety under Okawaru
  8160 | D:10     | Noticed a two-headed ogre
  8168 | D:10     | Killed a two-headed ogre
  8199 | D:10     | Found an opulent altar of Gozag.
  8440 | D:10     | Reached ***** piety under Okawaru
  8441 | D:10     | Reached XP level 10. HP: 58/73 MP: 14/14
  8444 | D:10     | Received a gift from Okawaru
  8445 | D:10     | Reached skill level 5 in Fighting
  8448 | D:10     | Reached skill level 5 in Transmutations
  8453 | D:10     | Reached skill level 5 in Dodging
  8955 | D:11     | Noticed a gargoyle
  8966 | D:11     | Found a gate leading to a gauntlet.
  8986 | D:10     | Reached skill level 1 in Throwing
  8986 | D:10     | Reached skill level 1 in Stealth
  9074 | D:10     | Received a gift from Okawaru
  9195 | D:10     | Killed an unseen horror
  9730 | D:11     | Noticed a two-headed ogre
  9732 | D:11     | Noticed a stone giant
  9739 | D:11     | Killed a two-headed ogre
  9739 | D:11     | Received a gift from Okawaru
  9739 | D:11     | Received a gift from Okawaru
  9752 | D:11     | Mangled by a stone giant

Illustrated notes

Levels and vault maps discovered:
D:1:      lemuel_arrival_tunnels, layout_loops_corners,
          hangedman_decor_diamond_cutter
D:2:      layout_basic, okawaru_trees_2, grunt_temple_overflow_open
D:3:      minmay_wonky_spiral, layout_loops_ring,
          grunt_temple_overflow_opulence, pdpol_wu_jian_five_deadly_venoms
D:4:      layout_basic, kiku_gazebo_garden_becter
D:5:      layout_rooms, nicolae_dithmenos_the_darkroom,
          yredelemnul_forgotten_temple_becter, makhleb_grotto_becter,
          serial_bayou_pond_d, kennysheep_generic_room_7
D:6:      layout_basic, minmay_temple_entry_wispy, uniq_menkaure
D:7:      layout_rooms, nicolae_tso_besieged_by_evil
D:8:      layout_basic, uniq_gastronok
D:9:      layout_gridville, fedhas_altar_3, lair_entry_dummy,
          ebering_ghost_disaster_area, uniq_grum, uniq_erolcha, uniq_pikel,
          uniq_erica
D:10:     layout_basic, orc_0_dummy, serial_glass, glass_columns_b,
          glass_columns_a, glass_columns_a, glass_columns_b, glass_columns_a,
          nicolae_gozag_cash_rules_everything_around_me, uniq_maurice
D:11:     layout_basic, ebering_ghost_funeral_grove, gauntlet_entry_generic,
          minmay_three_doors
Temple:   nicolae_temple_figure_zero

Skill      XL: |  1  2  3  4  5  6  7  8  9 10 |
---------------+-------------------------------+-----
Unarmed Combat | 3 4 5 6 7 9 10 | 10.0
Invocations    | 6 |  6.3
Fighting       | 4 7 |  7.5
Dodging        | 4 6 |  6.1
Transmutations | 4 5 |  5.0
Throwing       | 3 |  3.1
Stealth        | 3 |  3.4
Spellcasting   | |  2.0

Action                   |  1- 3 |  4- 6 |  7- 9 | 10-12 || total
-------------------------+-------+-------+-------+-------++-------
Melee: Unarmed           |    61 |    82 |   185 |   102 ||   430
       Headbutt          |     7 |    10 |    24 |    27 ||    68
       Kick              |     7 |    13 |    50 |    29 ||    99
       Punch             |     1 |     2 |     9 |     3 ||    15
 Cast: Beastly Appendage |    18 |    18 |    36 |     8 ||    80
Invok: Heroism           |       |       |       |     1 ||     1
       Finesse           |       |       |       |     1 ||     1
Evoke: Wand              |       |     6 |    13 |     3 ||    22
  Use: Scroll            |     6 |     1 |     7 |       ||    14
       Potion            |       |       |     2 |     1 ||     3
 Stab: Sleeping          |       |     1 |       |       ||     1
       Paralysed         |       |       |     2 |     4 ||     6
Armor: Robe              |     4 |    10 |     9 |       ||    23
       Leather armour    |       |       |    50 |    39 ||    89
Dodge: Dodged            |    33 |    31 |    86 |    79 ||   229

Table legend: (Time is in decaauts)
 A = Elapsed time spent in this place.
 B = Non-inter-level travel time spent in this place.
 C = Inter-level travel time spent in this place.
 D = Time resting spent in this place.
 E = Time spent auto-exploring this place.
 F = Levels seen in this place.
 G = Mean time per level.
                   A        B        C        D        E       F      G
               +--------+--------+--------+--------+--------+-----+--------+
         Total |   9704 |   9407 |    297 |    754 |   7495 |  12 |  808.7 |
       Dungeon |   9616 |   9326 |    290 |    726 |   7451 |  11 |  874.2 |
        Temple |     88 |     81 |      7 |     28 |     44 |   1 |   88.0 |
               +--------+--------+--------+--------+--------+-----+--------+

Top non-repeatable levels by time:
    D:10: 2078 daAuts
     D:3: 1279 daAuts
     D:4: 1138 daAuts
     D:1: 1076 daAuts
     D:2: 1039 daAuts
     D:6: 849 daAuts
     D:5: 792 daAuts
     D:7: 506 daAuts
     D:8: 462 daAuts
    D:11: 312 daAuts
  Temple: 88 daAuts
     D:9: 80 daAuts
